Map: Deathaura LE

Players

DisK

  • Race: Protoss Protoss
  • Spawn Location: 11:00

Scarlett - Winner!

  • Race: Zerg Zerg
  • League: Master
  • Spawn Location: 5:00

Event: DreamHack SC2 Masters 2020 Winter

VOD

Have the link to the VOD?

Description

Time

  • Played on: Oct. 27, 2020, 3:51 p.m.
  • Length: 10:56

All games in this series

Show
View Real Time Build Order
Export as new Build Order

DisK Protoss 

Build Orders: 1 Gate Expand, Oracle Opening, Phoenix Opening 

Get SALT Encoding   

  12  0:00  Probe  
  13  0:12  Probe  
  14  0:18  Pylon  
  14  0:25  Probe (Chrono Boost)  
  15  0:37  Probe (Chrono Boost)  
  15  0:39  Gateway  
  16  0:45  Probe (Chrono Boost)  
  16  0:49  Assimilator  
  17  0:53  Probe  
  18  1:05  Probe  
  19  1:17  Probe  
  20  1:26  Nexus  
  20  1:36  Cybernetics Core  
  20  1:38  Probe  
  21  1:46  Assimilator  
  21  1:50  Probe  
  22  1:55  Pylon  
  22  2:03  Probe  
  23  2:11  Adept (Chrono Boost)  
  23  2:15  Probe  
  26  2:22  Stargate  
  26  2:27  Probe (Chrono Boost)  
  27  2:31  Adept (Chrono Boost)  
  27  2:35  Warp Gate  
  29  2:38  Probe (Chrono Boost)  
  31  2:45  Probe (Chrono Boost)  
  31  2:47  Probe (Chrono Boost)  
  33  2:51  Probe (Chrono Boost)  
  33  2:54  Adept  
  35  3:01  Probe  
  35  3:03  Probe  
  35  3:05  Phoenix (Chrono Boost)  
  39  3:13  Probe  
  39  3:16  Pylon  
  39  3:17  Probe  
  41  3:25  Assimilator, Probe  
  42  3:27  Assimilator, Oracle (Chrono Boost)  
  42  3:30  Probe  
  46  3:37  Probe  
  47  3:43  Probe (Chrono Boost)  
  46  3:49  Probe (Chrono Boost)  
  48  3:55  Pylon  
  48  4:00  Probe (Chrono Boost)  
  48  4:01  Probe (Chrono Boost)  
  47  4:03  Gateway  
  47  4:05  Probe (Chrono Boost)  
  47  4:07  Probe (Chrono Boost)  
  49  4:15  Fleet Beacon, Probe  
  50  4:17  Stargate  
  50  4:19  Probe  
  51  4:27  Probe  
  51  4:30  Adept  
  55  4:31  Probe  
  55  4:39  Probe  
  55  4:45  Nexus  
  56  4:47  Probe  
  56  4:51  Adept  
  59  4:57  Pylon  
  60  5:05  Pylon  
  58  5:12  Carrier x2 (Chrono Boost)  
  70  5:21  Shield Battery  
  70  5:23  Probe x2  
  72  5:35  Probe x2  
  74  5:43  Zealot x2  
  74  5:48  Probe (Chrono Boost)  
  78  5:52  Probe (Chrono Boost)  
  78  5:57  Pylon x2, Probe (Chrono Boost)  
  81  6:05  Probe (Chrono Boost)  
  81  6:06  Carrier (Chrono Boost)  
  81  6:07  Probe x2 (Chrono Boost)  
  88  6:12  Carrier (Chrono Boost), Probe (Chrono Boost)  
  88  6:15  Zealot x2  
  91  6:23  Probe  
  92  6:26  Assimilator, Probe  
  92  6:30  Pylon, Twilight Council  
  93  6:33  Assimilator  
  93  6:34  Forge  
  93  6:37  Stalker  
  93  6:38  Stalker  
  97  7:01  Blink  
  93  7:02  Zealot  
  93  7:07  Protoss Ground Weapons Level 1 (Chrono Boost)  
  93  7:10  Probe  
  93  7:14  Gateway  
  93  7:17  Gateway  
  93  7:18  Gateway x2  
  93  7:21  Gateway  
  93  7:22  Gateway  
  91  7:23  Probe (Chrono Boost)  
  91  7:28  Probe x2 (Chrono Boost)  
  94  7:33  Gateway  
  94  7:34  Gateway, Robotics Facility  
  95  7:37  Probe (Chrono Boost), Sentry x2  
  95  7:40  Probe  
  95  7:41  Probe  
  101  7:45  Pylon  
  101  7:46  Pylon  
  101  7:56  Probe  
  101  7:57  Pylon  
  102  8:08  Stalker x2  
  106  8:13  Sentry x2  
  106  8:14  Sentry  
  112  8:20  Stalker x3  
  112  8:23  Shield Battery  
  118  8:27  Nexus  
  118  8:28  Stalker  
  118  8:29  Stalker  
  118  8:32  Observer  
  118  8:34  Pylon  
  123  8:37  Pylon  
  123  8:40  Robotics Bay  
  124  8:41  Robotics Facility, Probe x2  
  124  8:42  Probe  
  124  8:47  Pylon  
  125  8:49  Zealot x4  
  133  9:00  Nexus  
  132  9:11  Stalker x7  
  146  9:21  Nexus  
  146  9:24  Pylon  
  146  9:42  Stalker x5  
  152  9:50  Stalker x7  
  141  9:57  Zealot  
  123  10:00  Disruptor (Chrono Boost)  
  129  10:07  Stalker x2  
  129  10:13  Stalker x3  
  129  10:14  Stalker x2  
  128  10:30  Zealot x2  
  128  10:31  Zealot  
  128  10:33  Zealot  
  126  10:41  Zealot x4  
  91  10:51  Zealot x3  
Show
View Real Time Build Order
Export as new Build Order

Scarlett Zerg - Winner!

Build Orders: Hatch First 

Get SALT Encoding   

  12  0:00  Drone  
  13  0:12  Overlord  
  13  0:17  Drone  
  14  0:33  Drone x2  
  16  0:42  Drone  
  17  0:53  Hatchery  
  17  0:54  Drone  
  17  0:58  Drone  
  18  1:09  Extractor  
  17  1:12  Spawning Pool  
  17  1:16  Drone  
  17  1:18  Drone  
  18  1:28  Drone  
  19  1:39  Overlord  
  19  1:51  Drone  
  20  1:58  Queen  
  20  2:00  Zergling x2  
  23  2:05  Queen, Zergling x2  
  26  2:11  Drone  
  26  2:12  Metabolic Boost  
  27  2:17  Drone  
  28  2:23  Drone  
  28  2:28  Drone  
  30  2:34  Hatchery  
  29  2:41  Drone  
  29  2:42  Drone  
  31  2:46  Queen  
  33  2:51  Zergling x2  
  33  2:56  Overlord  
  33  3:00  Drone x2  
  35  3:08  Spore Crawler  
  35  3:13  Drone  
  35  3:15  Drone x4  
  35  3:17  Queen  
  35  3:19  Overlord  
  42  3:26  Drone  
  42  3:34  Zergling x4  
  44  3:46  Drone x3  
  45  3:51  Drone x3, Spore Crawler  
  46  3:56  Drone x5  
  46  3:58  Spore Crawler  
  46  3:59  Overlord  
  50  4:08  Overlord  
  50  4:09  Overlord  
  50  4:18  Drone  
  50  4:19  Drone x3  
  53  4:27  Drone x4  
  53  4:29  Drone  
  58  4:33  Drone x4  
  58  4:34  Evolution Chamber  
  58  4:38  Lair  
  61  4:40  Extractor x2  
  61  4:42  Roach Warren  
  61  4:43  Zergling x6  
  60  4:46  Overlord  
  60  4:47  Zergling x4  
  60  4:52  Queen  
  64  4:53  Overlord  
  64  4:57  Drone x2  
  64  4:59  Extractor  
  65  5:01  Zerg Missile Weapons Level 1, Overlord  
  65  5:05  Drone, Overlord  
  66  5:09  Drone, Overlord  
  66  5:10  Drone  
  67  5:18  Drone x5  
  72  5:23  Extractor  
  72  5:24  Drone x3  
  74  5:30  Zergling x12  
  80  5:37  Glial Reconstitution  
  80  5:38  Overlord  
  80  5:47  Roach  
  80  5:48  Roach x4  
  89  5:52  Drone  
  89  5:59  Hydralisk Den, Overlord  
  89  6:01  Drone x6  
  89  6:03  Drone x4  
  98  6:07  Queen, Extractor  
  98  6:08  Queen  
  98  6:11  Spore Crawler  
  98  6:14  Queen  
  98  6:16  Zergling x2  
  98  6:17  Zergling x2  
  97  6:19  Zergling x4  
  97  6:24  Zergling x2  
  99  6:29  Grooved Spines  
  99  6:30  Zergling x2  
  99  6:31  Zergling x12  
  99  6:32  Zergling x2  
  107  6:37  Drone  
  108  6:43  Hatchery  
  106  6:47  Zergling x10  
  111  6:57  Overlord x3  
  105  7:09  Hydralisk x3  
  105  7:10  Hydralisk x5  
  119  7:19  Hydralisk x3  
  123  7:26  Drone x2, Evolution Chamber  
  123  7:29  Drone x7  
  131  7:35  Zerg Missile Weapons Level 2  
  131  7:38  Drone x5  
  131  7:42  Muscular Augments  
  136  7:46  Drone  
  137  7:53  Zerg Ground Armor Level 1, Extractor  
  137  7:55  Drone x4, Extractor  
  137  7:56  Drone  
  137  7:57  Drone  
  137  7:58  Hydralisk x3  
  145  8:08  Overlord x4  
  145  8:09  Overlord  
  145  8:14  Hydralisk x3  
  151  8:20  Drone  
  151  8:22  Overlord  
  152  8:28  Hydralisk x2  
  152  8:29  Hydralisk x4  
  152  8:33  Drone  
  165  8:37  Overlord  
  165  8:39  Hydralisk x4  
  173  8:48  Hydralisk x6  
  185  8:55  Hydralisk x4  
  187  9:09  Hydralisk x8  
  184  9:13  Spore Crawler  
  184  9:16  Extractor  
  198  9:18  Drone x2  
  198  9:19  Spore Crawler x2  
  198  9:22  Hatchery  
  197  9:27  Ravager  
  197  9:28  Ravager x2  
  199  9:31  Overseer  
  199  9:33  Drone x6  
  194  9:41  Hydralisk x4  
  198  9:50  Hydralisk  
  198  9:51  Hydralisk x2  
  198  9:55  Extractor  
  198  9:59  Zergling x2, Hydralisk  
  192  10:10  Drone x3  
  192  10:11  Hydralisk x6  
  192  10:12  Infestation Pit  
  195  10:22  Hydralisk x3  
  195  10:31  Hydralisk x8  
Tags
 
Add a new tag
Caveats
  • Supply blocks, unpowered buildings, or Contaminate may cause inaccurate times.
  • Supply counts are checked every 10 seconds.